 Dungeon Crawl Stone Soup version 0.28.0-43-g3370ac3207 (webtiles) character file.

Game seed: 5707121812244259770

219578 pkoi the Crack Shot (level 18, -1/154 (159) HPs)
             Began as a Minotaur Hunter on Mar 14, 2022.
             Was an Elder of Okawaru.
             Killed from afar by a Hell Sentinel (24 damage)
             ... with damnation
             ... summoned by a deep elf demonologist
             ... on level 3 of the Elven Halls.
             The game lasted 01:39:32 (65491 turns).

pkoi the Crack Shot (Minotaur Hunter)              Turns: 65491, Time: 01:39:32

HP:   -1/154 (159)  AC: 42    Str: 27    XL:     18   Next: 82%
MP:   27/27         EV: 15    Int:  9    God:    Okawaru [****..]
Gold: 1402          SH:  5    Dex: 19    Spells: 22/23 levels left

rFire   . . .      SeeInvis +   a - +3 longbow (flame)
rCold   + . .      Faith    .   (shield currently unavailable)
rNeg    + . .      Spirit   .   N - +14 crystal plate armour of the Pink Corner {Slay+3}
rPois   +          Reflect  +   G - +0 hat "Qodap" {rPois}
rElec   .          Harm     .   t - +1 cloak
rCorr   .          Rampage  .   Y - +0 pair of gloves of Nerphor {-Cast rN+ Str+4 Stlth-}
Will    ++++.      NoCast   +   W - +1 pair of boots of the Orcish Mines {Fly rF- rC+ Will++}
Stlth   ..........              l - amulet of reflection
HPRegen 0.35/turn               V - ring "Pibucit" {rPois rF+ Int+3 Dex+3}
MPRegen 0.20/turn               U - ring of Panar {Will+ Dex+3 SInv Stlth+}

@: heroic, flying, lightly drained
A: horns 2, retaliatory headbutt, deformed body, dopey 1
a: Renounce Religion, Heroism, Finesse


You were on level 3 of the Elven Halls.
You worshipped Okawaru.
Okawaru was greatly pleased with you.
You visited 8 branches of the dungeon, and saw 34 of its levels.
You also visited: Ossuary, Ice Cave and Volcano.

You collected 3475 gold pieces.
You spent 2073 gold pieces at shops.

Inventory:

Hand Weapons
 a - a +3 longbow of flaming (weapon)
 b - the +11 glaive of Focus {vorpal, *Corrode Str+2 Int+4 Stlth+}
   (You found it on level 10 of the Dungeon)

   It inflicts extra damage upon your enemies.
   Str:       It affects your strength (+2).
   Int:       It affects your intelligence (+4).
   *Corrode:  It may corrode you when you take damage.
   Stlth:     It makes you more stealthy.
Missiles
 d - 800 arrows (quivered ammo)
 o - 11 throwing nets
 v - 2 curare-tipped darts
 X - 3 boomerangs of dispersal
Armour
 t - a +1 cloak (worn)
 G - the +0 hat "Qodap" (worn) {rPois}
   (Okawaru gifted it to you on level 3 of the Lair of Beasts)

   rPois:     It protects you from poison.
 N - the +14 crystal plate armour of the Pink Corner (worn) {Slay+3}
   (Okawaru gifted it to you on level 1 of the Orcish Mines)

   Slay:      It affects your accuracy & damage with ranged weapons and melee
   (+3).
 W - the +1 pair of boots of the Orcish Mines (worn) {Fly rF- rC+ Will++}
   (Okawaru gifted it to you on level 1 of the Spider Nest)

   rF:        It makes you vulnerable to fire.
   rC:        It protects you from cold.
   Fly:       It grants you flight.
   Will:      It greatly increases your willpower.
 Y - the +0 pair of gloves of Nerphor (worn) {-Cast rN+ Str+4 Stlth-}
   (Okawaru gifted it to you on level 2 of the Elven Halls)

   Str:       It affects your strength (+4).
   rN:        It protects you from negative energy.
   -Cast:     It prevents spellcasting.
   Stlth:     It makes you less stealthy.
Jewellery
 k - a ring of ice
 l - an amulet of reflection (around neck)
 m - a ring of poison resistance
 p - a ring of resist corrosion
 s - a ring of protection from cold
 K - a ring of see invisible
 U - the ring of Panar (right hand) {Will+ Dex+3 SInv Stlth+}
   (You bought it in a shop on level 2 of the Orcish Mines)

   [ring of willpower]

   Dex:       It affects your dexterity (+3).
   SInv:      It lets you see invisible.
   Will:      It increases your willpower.
   Stlth:     It makes you more stealthy.
 V - the ring "Pibucit" (left hand) {rPois rF+ Int+3 Dex+3}
   (You found it on level 2 of the Shoals)

   [ring of protection from fire]

   Int:       It affects your intelligence (+3).
   Dex:       It affects your dexterity (+3).
   rF:        It protects you from fire.
   rPois:     It protects you from poison.
Wands
 r - a wand of mindburst (25)
 x - a wand of iceblast (11)
 z - a wand of flame (32)
 D - a wand of digging (7)
 I - a wand of acid (18)
 O - a wand of paralysis (2)
 P - a wand of polymorph (8)
Scrolls
 e - a scroll of brand weapon
 f - 8 scrolls of teleportation
 g - 2 scrolls of fear
 h - 8 scrolls of blinking
 i - 5 scrolls of enchant armour
 y - 4 scrolls of holy word
 B - 2 scrolls of enchant weapon
 E - 4 scrolls of magic mapping
 H - 8 scrolls of fog
 J - 11 scrolls of identify
 Q - 2 scrolls of amnesia
Potions
 c - 3 potions of magic
 j - 4 potions of brilliance
 n - 4 potions of cancellation
 w - 8 potions of might
 A - 3 potions of ambrosia
 C - 5 potions of heal wounds
 F - 16 potions of curing
 L - 3 potions of invisibility
 T - 3 potions of haste
 Z - a potion of berserk rage


   Skills:
 + Level 13.8(18.8) Fighting
 - Level 22.0(27) Bows
 + Level 16.1(21.1) Armour
 + Level 11.5(16.5) Dodging
 - Level 6.0(11.0) Stealth
 - Level 3.4 Spellcasting
 + Level 13.7 Invocations
 + Level 12.5 Evocations


You had 22 spell levels left.
You knew the following spells:

 Your Spells              Type           Power      Damage    Failure   Level
a - Apportation           Tloc           2%         N/A       97%         1

Your spell library contained the following spells:

 Spells                   Type           Power      Damage    Failure   Level
 Freeze                   Ice            4%         1d3       97%         1
 Magic Dart               Conj           4%         1d3       97%         1
 Shock                    Conj/Air       4%         1d3       97%         1
 Corpse Rot               Necr/Air       2%         N/A       99%         2
 Ensorcelled Hibernation  Hex/Ice        2%         N/A       99%         2
 Passwall                 Tmut/Erth      0%         N/A       99%         2
 Poisonous Vapours        Pois/Air       2%         N/A       99%         2
 Static Discharge         Conj/Air       1%         N/A       99%         2
 Conjure Flame            Conj/Fire      1%         6-21      100%        3
 Frozen Ramparts          Ice            2%         1d2       100%        3
 Ignite Poison            Fire/Tmut/Pois 1%         N/A       100%        3
 Mephitic Cloud           Conj/Pois/Air  1%         N/A       100%        3
 Portal Projectile        Hex/Tloc       2%         N/A       100%        3
 Swiftness                Air            1%         N/A       100%        3
 Airstrike                Air            0%         N/A       100%        4
 Flame Wave               Conj/Fire      1%         2d4       100%        4
 Hailstorm                Conj/Ice       1%         3d3       100%        4
 Sticky Flame             Conj/Fire      1%         2d3       100%        4
 Alistair's Intoxication  Tmut/Pois      0%         N/A       100%        5
 Blade Hands              Tmut           0%         N/A       100%        5
 Borgnjor's Vile Clutch   Necr/Erth      0%         N/A       100%        5
 Excruciating Wounds      Necr           0%         N/A       100%        5
 Freezing Cloud           Conj/Ice/Air   0%         6-21      100%        5
 Lightning Bolt           Conj/Air       0%         1d11      100%        5
 Eringya's Noxious Bog    Tmut/Pois      0%         N/A       100%        6
 Ignition                 Fire           0%         3d3       100%        8
 Maxwell's Capacitive Co  Air            0%         ∞         100%        8
 Call Imp                 Summ           Unusable   N/A       N/A         2
 Animate Dead             Necr           Unusable   N/A       N/A         4
 Death Channel            Necr           Unusable   N/A       N/A         6

Dungeon Overview and Level Annotations

Branches:
Dungeon (15/15)            Temple (1/1) D:7            Lair (6/6) D:9
 Shoals (3/4) Lair:2       Spider (3/4) Lair:3        Slime (0/5) Lair:5
    Orc (2/2) D:12            Elf (3/3) Orc:2        Vaults (0/5) D:14
 Depths (1/4) D:15        Ossuary (visited)           IceCv (visited)
Volcano (visited)

Altars:
Ashenzari
Cheibriados
Dithmenos
Elyvilon
Fedhas
Gozag
Hepliaklqana
Kikubaaqudgha
Makhleb
Nemelex Xobeh
Okawaru
Qazlal
Ru
Sif Muna
Trog
Uskayaw
Vehumet
Wu Jian
Xom
Yredelemnul
Zin
The Shining One
Beogh
Jiyva

Shops:
D:2 *   D:3 :   D:14 :   Orc:2 ==**   Elf:3 *   Shoals:3 :

Portals:
Hell: Depths:1

Annotations:
D:11 3 runed translucent doors, themarg's ghost, journeyman TeAE
D:13 3 runed translucent doors
Lair:1 6 runed translucent doors
Elf:2 3 runed translucent doors


Innate Abilities, Weirdness & Mutations

You have a pair of horns on your head.
You reflexively headbutt those who attack you in melee.
Armour fits poorly on your strangely shaped body.
You are dopey. (Int -2)


Message History

The deep elf demonologist gestures wildly while chanting.
Fire: 803 arrows
Press: ? - help, Q - select action, (/) - cycle Shift-Dir - straight line, f/p - deep elf high priest
Aim: a deep elf high priest, wielding a +0 scimitar and wearing a +0 leather armour (almost dead, brilliance aura, 73% to hit)
You shoot an arrow.
The arrow hits the deep elf high priest!!
The arrow burns the deep elf high priest.
You kill the deep elf high priest!
Okawaru accepts your kill.
A deep elf annihilator comes into view. It is wielding a +0 long sword.
Fire: 802 arrows
Press: ? - help, Q - select action, (/) - cycle Shift-Dir - straight line, f - deep elf zephyrmancer
Aim: a deep elf zephyrmancer, wielding a +0 rapier and wearing a +0 leather armour (spells empowered, 73% to hit)
You shoot an arrow. The arrow hits the Hell Sentinel!!
The Hell Sentinel is lightly wounded.
Unknown command.
Fire: 801 arrows
Press: ? - help, Q - select action, (/) - cycle Shift-Dir - straight line, f - deep elf demonologist, p - deep elf zephyrmancer
Aim: a deep elf demonologist, wielding a +1 dagger of venom and wearing a +0 leather armour (spells empowered, 73% to hit)
You shoot an arrow. The arrow hits the Hell Sentinel.
The Hell Sentinel is moderately wounded.
The deep elf annihilator gestures wildly while chanting.
The deep elf annihilator blinks!
The Hell Sentinel gestures at you. The iron shot misses you.
Unknown command.
The Hell Sentinel gestures at you.
The sphere of damnation explodes!
The damnation engulfs you!!!
* * * LOW HITPOINT WARNING * * *
You hear a shout! x9
The Hell Sentinel gestures at you. The iron shot hits you!!!
* * * LOW HITPOINT WARNING * * *
Unknown command.
The Hell Sentinel gestures at you.
The sphere of damnation explodes!
The damnation engulfs you!!
* * * LOW HITPOINT WARNING * * *
The Hell Sentinel gestures at you.
The sphere of damnation explodes!
The damnation engulfs you!!
You die...

##.......## #.......## ##.....##
#.......'## ##...## ##'#...###.#
#....## ######.###### ##.
#.#...## ###...#'## ## #...#..##
#.......# ##
##.......###.......##########.
##....#....##...8...+.....)..'[
##....###....#.@.....##########.
##......#.............# ##
#....#.....#........### #
..#.###...###.#[..###
#....#.....#......#
##......#.)......##
##....###13....##
##....#......## #........####


You could see a Hell Sentinel (summoned) and a sixfirhy (summoned).

Vanquished Creatures
  Nikola (Shoals:1)
  Frances (D:13)
  Donald (Lair:2)
  The ghost of FMtheFM the Severer, a journeyman DsFi of Okawaru (Shoals:1)
  2 deep elf sorcerers
  Aizul (Shoals:3)
  4 emperor scorpions
  A deep elf elementalist (Elf:1)
  A ghost moth (Spider:2)
  2 broodmothers
  A very ugly thing (IceCv)
  2 deep elf demonologists
  Nessos (D:14)
  2 dire elephants
  5 entropy weavers
  Azrael (D:15)
  A deep elf annihilator (Elf:3)
  A red draconian (Volcano)
  A deep elf death mage (Elf:3)
  Josephine (Orc:2)
  2 merfolk javelineers
  An ettin (Orc:1)
  A merfolk impaler (Shoals:3)
  A fire dragon (Lair:6)
  A deep elf high priest (Elf:3)
  11 hydras
  5 boulder beetles
  3 vault guards (D:14)
  Erolcha (D:11)
  Harold (D:10)
  3 catoblepae
  A merfolk avatar (Shoals:1)
  2 jorogumos
  A radroach (Lair:3)
  A caustic shrike simulacrum (IceCv)
  4 ogre magi
  5 merfolk aquamancers
  6 centaur warriors
  17 two-headed ogres
  15 dancing weapons
  9 death yaks
  3 tengu warriors
  A spriggan berserker (Depths:1)
  12 deep elf knights
  4 pharaoh ants
  13 skeletal warriors
  A sun moth (Spider:3)
  3 sea snakes
  4 orb spiders
  4 steelbarb worms
  A lindwurm (Lair:5)
  A swamp dragon (Lair:6)
  34 deep elf zephyrmancers
  12 deep elf archers
  A wizard (D:15)
  2 orc sorcerers
  7 harpies
  22 deep elf pyromancers
  5 ugly things
  2 moths of wrath (Spider:1)
  9 cyclopes
  7 manticores
  10 fauns (Shoals:2)
  19 wolf spiders
  2 oklob plants (Spider:1)
  5 merfolk sirens
  Joseph (D:8)
  11 elephants
  8 black mambas
  A water nymph (Shoals:2)
  14 cane toads
  9 rime drakes
  6 torpor snails
  Psyche (D:10)
  7 demonic crawlers
  2 yaktaurs (Volcano)
  A tengu conjurer (D:15)
  4 freezing wraiths (D:15)
  18 komodo dragons
  An efreet (D:13)
  A golden dragon simulacrum (IceCv)
  7 trolls
  33 merfolk
  6 meliai
  10 polar bears
  23 tarantellas
  2 wind drakes
  A hornet (D:9)
  A tyrant leech (Lair:3)
  7 raiju (Lair:6)
  4 blink frogs (Lair:2)
  2 slime creatures (D:15)
  7 snapping turtles
  4 dream sheep (Shoals:3)
  A vampire (D:11)
  3 dire elephant simulacra (IceCv)
  29 jumping spiders
  2 shadows
  21 water elementals
  17 culicivoras
  4 air elementals
  10 fire elementals
  8 wraiths
  52 yaks
  7 wyverns
  A human (shapeshifter) (D:13)
  5 basilisks
  6 steam dragons
  40 redbacks
  8 humans (D:14)
  10 wargs
  2 vampire mosquitoes (D:14)
  3 swamp worms (Lair:3)
  A harpy simulacrum (IceCv)
  3 acid dragons (Lair:6)
  15 water moccasins
  11 hell hounds
  A sky beast (D:5)
  13 orc warriors
  15 black bears
  4 swamp drakes
  An ettin simulacrum (IceCv)
  38 ogres
  23 wolves
  19 centaurs
  2 phantoms (D:6)
  8 bullfrogs
  3 earth elementals
  2 gnoll sergeants (D:9)
  A wyvern zombie (D:6)
  A scorpion (D:4)
  A lindwurm simulacrum (IceCv)
  A water moccasin skeleton (D:5)
  5 killer bees (D:10)
  11 wights
  3 electric eels (D:7)
  4 howler monkeys
  A lava snake (Lair:2)
  5 centaur zombies
  7 jellies
  11 orc priests
  2 hounds (D:6)
  A gnoll shaman (D:7)
  A bullfrog skeleton (D:6)
  A centaur skeleton (D:6)
  Jessica (D:3)
  7 iguanas
  Ijyb (D:5)
  10 orc wizards
  5 hell rats (Lair:1)
  2 scorpion zombies (D:5)
  13 mummies (Ossuary)
  3 howler monkey zombies
  11 gnolls
  A howler monkey skeleton (D:4)
  6 adders
  2 white imps (D:5)
  An ufetubus (D:6)
  2 worms (D:2)
  3 dart slugs
  55 orcs
  14 ball pythons
  4 endoplasms
  4 giant cockroaches
  6 goblins
  2 hobgoblins
  3 jackals (D:1)
  5 kobolds
  A quokka (D:1)
  7 bats
  5 frilled lizards
  4 kobold skeletons (Ossuary)
  4 orc skeletons (Ossuary)
  11 rat skeletons (Ossuary)
1135 creatures vanquished.

Vanquished Creatures (others)
  A human (D:14)
  An adder (D:2)
  52 fungi
  243 plants
  12 toadstools (Lair:5)
  2 withered plants (Shoals:1)
311 creatures vanquished.

Grand Total: 1446 creatures vanquished

Notes
Turn   | Place    | Note
-------+----------+-------------------------------------------
     0 | D:1      | pkoi the Minotaur Hunter began the quest for the Orb.
     0 | D:1      | Reached XP level 1. HP: 18/18 MP: 0/0
   322 | D:1      | Reached XP level 2. HP: 24/25 MP: 1/1
   336 | D:1      | Reached skill level 5 in Bows
   472 | D:1      | Found a faded altar of an unknown god.
  1143 | D:2      | Reached XP level 3. HP: 30/30 MP: 2/2
  1612 | D:2      | Found Gehonl Astast's General Store.
  2124 | D:3      | Reached skill level 6 in Bows
  2192 | D:3      | Found Tarotsar's Book Shop.
  2228 | D:3      | Noticed Jessica
  2235 | D:3      | Killed Jessica
  2236 | D:3      | Reached XP level 4. HP: 29/37 MP: 3/3
  2779 | D:3      | Identified the +6 hand axe of the Little People {elec, rC+
                  | Str+2 Int+9}
  4005 | D:4      | Got the Volume of Feathery Ignition
  4010 | D:4      | Reached skill level 7 in Bows
  4010 | D:4      | Reached XP level 5. HP: 39/42 MP: 4/4
  4917 | D:5      | Entered Level 5 of the Dungeon
  4923 | D:5      | Noticed a sky beast
  4933 | D:5      | Killed a sky beast
  4934 | D:5      | Reached skill level 8 in Bows
  4934 | D:5      | Reached XP level 6. HP: 41/50 MP: 5/5
  4940 | D:5      | Identified the +0 pair of boots of Generosity {rC+ rCorr
                  | MP+9 Dex-5}
  5051 | D:5      | Reached skill level 9 in Bows
  5051 | D:5      | Reached skill level 1 in Stealth
  5090 | D:5      | Reached XP level 7. HP: 55/56 MP: 6/6
  5259 | D:5      | Noticed Ijyb
  5263 | D:5      | Killed Ijyb
  6165 | D:6      | Noticed a shadow
  6177 | D:6      | Killed a shadow
  6178 | D:6      | Reached skill level 10 in Bows
  6178 | D:6      | Reached skill level 1 in Armour
  6178 | D:6      | Reached XP level 8. HP: 62/62 MP: 7/7
  6853 | D:7      | Found a staircase to the Ecumenical Temple.
  6868 | Temple   | Entered the Ecumenical Temple
  6955 | Temple   | Became a worshipper of Warmaster Okawaru
  7018 | D:7      | Reached skill level 11 in Bows
  7018 | D:7      | Reached XP level 9. HP: 15/72 MP: 8/8
  8168 | D:7      | Reached * piety under Okawaru
  8439 | D:8      | Reached skill level 5 in Fighting
  8502 | D:8      | Found a sand-covered staircase.
  8505 | D:8      | Noticed Joseph
  8511 | Ossuary  | Entered an ossuary
  8673 | Ossuary  | Reached skill level 5 in Stealth
  8991 | D:8      | Identified the +9 flail "Luru" {protect, rCorr Int-3 Dex+4}
  9518 | D:8      | Killed Joseph
  9519 | D:8      | Reached skill level 5 in Dodging
  9519 | D:8      | Reached skill level 1 in Invocations
  9767 | D:8      | Reached skill level 5 in Armour
  9814 | D:8      | Identified the +6 arbalest "Qezeok" {freeze, rCorr Dex+4}
  9960 | D:8      | Reached skill level 12 in Bows
 10201 | D:8      | Found a shimmering blue altar of Sif Muna.
 10207 | D:8      | Found an ornate altar of the Wu Jian Council.
 10213 | D:8      | Reached ** piety under Okawaru
 10214 | D:8      | Reached XP level 10. HP: 57/83 MP: 10/10
 10338 | D:8      | Found a sparkling altar of Nemelex Xobeh.
 10338 | D:8      | Found a shimmering altar of Xom.
 12089 | D:9      | Found a snail-covered altar of Cheibriados.
 12106 | D:9      | Found a hide-covered altar of Uskayaw.
 12132 | D:9      | Noticed a two-headed ogre
 12153 | D:9      | Killed a two-headed ogre
 12153 | D:9      | Reached *** piety under Okawaru
 12388 | D:9      | Found a white marble altar of Elyvilon.
 12450 | D:9      | Found a staircase to the Lair.
 12742 | D:9      | Reached skill level 13 in Bows
 13131 | D:9      | Reached skill level 1 in Evocations
 13204 | D:10     | Entered Level 10 of the Dungeon
 13276 | D:10     | Received a gift from Okawaru
 13339 | D:10     | Noticed Psyche
 13345 | D:10     | Killed Psyche
 13345 | D:10     | Reached **** piety under Okawaru
 13463 | D:10     | Noticed Harold
 13471 | D:10     | Killed Harold
 13472 | D:10     | Reached XP level 11. HP: 85/89 MP: 13/13
 13658 | D:10     | Reached ***** piety under Okawaru
 13659 | D:10     | Reached skill level 5 in Invocations
 13734 | D:10     | Reached skill level 14 in Bows
 13896 | D:10     | Received a gift from Okawaru
 13935 | D:10     | Noticed a two-headed ogre
 13949 | D:10     | Killed a two-headed ogre
 14225 | D:10     | Identified the +11 glaive of Focus {vorpal, *Corrode Str+2
                  | Int+4 Stlth+}
 14288 | D:10     | Identified the +1 robe of Hugey {Will+} (Okawaru gifted it
                  | to you on level 10 of the Dungeon)
 14288 | D:10     | Received a gift from Okawaru
 14547 | D:10     | Found a glowing golden altar of the Shining One.
 14629 | Lair:1   | Entered Level 1 of the Lair of Beasts
 15090 | Lair:1   | Noticed an eight-headed hydra
 15948 | D:11     | Noticed Erolcha
 15954 | D:11     | Killed Erolcha
 16107 | D:11     | Reached skill level 15 in Bows
 16350 | D:11     | Found a runed translucent gate.
 16350 | D:11     | Found a runed translucent gate.
 16350 | D:11     | Found a runed translucent gate.
 16357 | D:11     | Noticed themarg's ghost (journeyman TeAE)
 16360 | D:11     | Identified the +3 plate armour "Hyaduosk" {rElec Int+4 SInv
                  | Stlth+}
 16544 | D:11     | Found the +2 hat of the Bear Spirit {Spirit, *Rage Will++}
 16633 | D:12     | Noticed a white ugly thing
 16651 | D:12     | Killed a white ugly thing
 16664 | D:12     | Identified the +0 robe "Fime" {rC++ Will- Int+5}
 16738 | D:12     | Received a gift from Okawaru
 16842 | D:12     | Found a staircase to the Orcish Mines.
 16861 | D:12     | Reached skill level 5 in Evocations
 16939 | D:12     | Reached XP level 12. HP: 96/96 MP: 16/16
 17410 | D:12     | Noticed a five-headed hydra
 17419 | D:12     | Killed a five-headed hydra
 17922 | Orc:1    | Entered Level 1 of the Orcish Mines
 17971 | Orc:1    | Gained mutation: Armour fits poorly on your strangely
                  | shaped body. [a neqoxec]
 17973 | Orc:1    | Gained mutation: You are dopey. (Int -2) [a neqoxec]
 18175 | Orc:1    | Noticed an ettin
 18185 | Orc:1    | Killed an ettin
 18185 | Orc:1    | Received a gift from Okawaru
 18186 | Orc:1    | Reached skill level 16 in Bows
 19038 | Orc:1    | You fall into a shaft and drop 1 floor!
 19038 | Orc:2    | Entered Level 2 of the Orcish Mines
 19051 | Orc:2    | Noticed a two-headed ogre
 19053 | Orc:2    | Noticed a two-headed ogre
 19054 | Orc:2    | Noticed an ogre mage
 19729 | Orc:2    | Noticed an ogre mage
 19895 | Orc:2    | Noticed a two-headed ogre
 19909 | Orc:1    | Killed a two-headed ogre
 19909 | Orc:1    | Identified the +14 crystal plate armour of the Pink Corner
                  | {Slay+3} (Okawaru gifted it to you on level 1 of the Orcish
                  | Mines)
 19909 | Orc:1    | Received a gift from Okawaru
 20226 | Orc:2    | Noticed a two-headed ogre
 20237 | Orc:1    | Killed a two-headed ogre
 21319 | Orc:2    | Noticed a two-headed ogre
 21338 | Orc:1    | Killed a two-headed ogre
 21339 | Orc:1    | Reached skill level 17 in Bows
 21741 | Lair:1   | Killed an eight-headed hydra
 22128 | Lair:1   | Identified the +3 long sword of Slow Death {vorpal, rElec
                  | rCorr Str-2 Dex+4}
 22608 | Lair:1   | Found a runed translucent door.
 22708 | Lair:1   | Found the +3 hat of Pondering {ponderous, Will+ MP+10
                  | Int+5}
 22797 | Lair:2   | Reached XP level 13. HP: 64/102 MP: 18/18
 23433 | Lair:2   | Received a gift from Okawaru
 23482 | Lair:2   | Found a staircase to the Shoals.
 23860 | Lair:2   | Received a gift from Okawaru
 24794 | Lair:3   | Reached skill level 18 in Bows
 24795 | Lair:3   | Received a gift from Okawaru
 25119 | Lair:3   | Identified the +0 hat "Qodap" {rPois} (Okawaru gifted it to
                  | you on level 3 of the Lair of Beasts)
 25119 | Lair:3   | Received a gift from Okawaru
 25119 | Lair:3   | Reached ****** piety under Okawaru
 25364 | Lair:3   | Found a hole to the Spider Nest.
 27127 | Lair:4   | Identified the +0 cloak "Daem" {+Blink Int-4 Stlth+}
 27634 | Lair:5   | Received a gift from Okawaru
 27639 | Lair:5   | Found a dark tunnel.
 27753 | Volcano  | Entered a volcano
 27777 | Volcano  | Reached skill level 19 in Bows
 28004 | Volcano  | Found a bloodstained altar of Trog.
 28017 | Volcano  | Noticed a red draconian
 28031 | Volcano  | Killed a red draconian
 28316 | Volcano  | Reached XP level 14. HP: 52/110 MP: 19/19
 28852 | Lair:5   | Found a viscous altar of Jiyva.
 28852 | Lair:5   | Found a staircase to the Slime Pits.
 29062 | Lair:5   | You fall into a shaft and drop 1 floor!
 29062 | Lair:6   | Entered Level 6 of the Lair of Beasts
 29082 | Lair:6   | Reached skill level 10 in Armour
 30258 | Lair:5   | Found a runed translucent door.
 30843 | Lair:6   | Received a gift from Okawaru
 31144 | Lair:6   | Received a gift from Okawaru
 31270 | Lair:6   | Reached skill level 20 in Bows
 31277 | Lair:6   | Received a gift from Okawaru
 31310 | Lair:6   | Reached skill level 1 in Spellcasting
 31314 | Lair:6   | Received a gift from Okawaru
 31911 | Lair:6   | Received a gift from Okawaru
 32382 | Lair:6   | Received a gift from Okawaru
 32988 | Lair:6   | Reached XP level 15. HP: 87/118 MP: 21/21
 33682 | Lair:1   | Found a runed translucent gate.
 33682 | Lair:1   | Found a runed translucent gate.
 33682 | Lair:1   | Found a runed translucent gate.
 33682 | Lair:1   | Found a runed translucent gate.
 33683 | Lair:1   | Found a runed translucent gate.
 33684 | Lair:1   | Found a runed translucent gate.
 34265 | D:13     | Noticed Frances
 34277 | D:13     | Killed Frances
 34658 | D:13     | Found Zin's Purification Station.
 34659 | D:13     | Found a glowing silver altar of Zin.
 34674 | D:13     | Received a gift from Okawaru
 34677 | D:13     | Bought a potion of curing for 90 gold pieces
 34701 | D:13     | Found a runed translucent gate.
 34701 | D:13     | Found a runed translucent gate.
 34701 | D:13     | Found a runed translucent gate.
 34755 | D:13     | Reached skill level 10 in Invocations
 35074 | D:13     | Identified the +1 robe of Okawaru's Esteem {rN+ SInv
                  | Stlth-} (Okawaru gifted it to you on level 13 of the
                  | Dungeon)
 35074 | D:13     | Received a gift from Okawaru
 36749 | Orc:2    | Noticed Josephine
 36758 | Orc:2    | Killed Josephine
 36759 | Orc:2    | Received a gift from Okawaru
 37060 | Orc:2    | Paralysed by something for 3 turns
 37212 | Orc:2    | Found Toxkuh's Jewellery Shop.
 37212 | Orc:2    | Found Zuczoc's General Store.
 37214 | Orc:2    | Found Widue's Jewellery Shoppe.
 37214 | Orc:2    | Found Ahutaz's General Store.
 37228 | Orc:2    | Bought a +4 ring of evasion for 540 gold pieces
 37231 | Orc:2    | Bought a scroll of blinking for 75 gold pieces
 37232 | Orc:2    | Bought a potion of haste for 120 gold pieces
 37232 | Orc:2    | Bought a potion of haste for 120 gold pieces
 37233 | Orc:2    | Bought the ring of Panar {Will+ Dex+3 SInv Stlth+} for 588
                  | gold pieces
 37294 | Orc:2    | Found a staircase to the Elven Halls.
 37749 | Spider:1 | Entered Level 1 of the Spider Nest
 38674 | Spider:1 | Received a gift from Okawaru
 39236 | Spider:1 | Noticed an emperor scorpion
 39349 | Spider:1 | Reached skill level 10 in Evocations
 39847 | Spider:1 | Reached XP level 16. HP: 122/132 MP: 23/23
 41447 | D:14     | Found Menutze's Book Emporium.
 41483 | D:14     | Found a hazy altar of Hepliaklqana.
 41577 | D:14     | Noticed Nessos
 41589 | D:14     | Killed Nessos
 41866 | D:14     | Received a gift from Okawaru
 41874 | D:14     | Reached skill level 10 in Fighting
 41927 | D:14     | Identified the +0 pair of boots of Defiance {Int+4}
                  | (Okawaru gifted it to you on level 14 of the Dungeon)
 41927 | D:14     | Received a gift from Okawaru
 42057 | D:14     | Found a gate to the Vaults.
 42146 | D:15     | Entered Level 15 of the Dungeon
 42149 | D:15     | Noticed Azrael
 42166 | D:15     | Killed Azrael
 42268 | D:15     | Found a frozen archway.
 42470 | IceCv    | Entered an ice cave
 42483 | IceCv    | Reached skill level 21 in Bows
 42488 | IceCv    | Found a transporter.
 42912 | IceCv    | Found a transporter.
 43086 | D:15     | Found a stormy altar of Qazlal.
 43563 | D:15     | Found a staircase to the Depths.
 44224 | D:15     | Learned a level 1 spell: Apportation
 44275 | Depths:1 | Entered Level 1 of the Depths
 44347 | Depths:1 | Found a gateway to Hell.
 44362 | Depths:1 | HP: 1/136 [hell hog/fireball (23)]
 45761 | Spider:1 | Identified the +1 pair of boots of the Orcish Mines {Fly
                  | rF- rC+ Will++} (Okawaru gifted it to you on level 1 of the
                  | Spider Nest)
 45761 | Spider:1 | Received a gift from Okawaru
 48042 | Shoals:1 | Entered Level 1 of the Shoals
 48042 | Shoals:1 | Noticed Donald
 48061 | Lair:2   | Killed Donald
 48696 | Shoals:1 | Found a runed translucent door.
 48698 | Shoals:1 | Noticed FMtheFM's ghost (journeyman DsFi)
 48753 | Shoals:1 | Reached XP level 17. HP: 144/144 MP: 24/24
 49149 | Shoals:1 | Identified the +6 hunting sling "Toacud" {vorpal, rElec
                  | rCorr Int-2 Dex+4}
 49330 | Shoals:1 | Killed FMtheFM's ghost
 49335 | Shoals:1 | Identified the +4 plate armour of the Tick {rC+ Str+3}
 49974 | Shoals:2 | Received a gift from Okawaru
 50446 | Shoals:1 | Noticed Nikola
 50816 | Shoals:2 | Received a gift from Okawaru
 50827 | Shoals:2 | Identified the ring "Pibucit" {rPois rF+ Int+3 Dex+3}
 51418 | Shoals:1 | Received a gift from Okawaru
 51452 | Shoals:1 | Killed Nikola
 52256 | Lair:5   | Identified the +1 chain mail of Fedhas's Favour {Int+4
                  | Dex+3 Stlth+}
 53143 | Shoals:3 | Noticed Aizul
 53772 | Shoals:3 | Killed Aizul
 54673 | Shoals:3 | Identified the +5 scale mail of the Duke {rElec rC+ Dex-4}
                  | (Okawaru gifted it to you on level 3 of the Shoals)
 54673 | Shoals:3 | Received a gift from Okawaru
 54734 | Shoals:3 | Found Edoe's Book Boutique.
 55653 | Spider:2 | Identified the +2 chain mail of Refuge {rF+ Int+3 SInv}
 58208 | Spider:3 | Reached skill level 15 in Armour
 58235 | Spider:3 | Reached skill level 10 in Dodging
 60093 | Elf:1    | Entered Level 1 of the Elven Halls
 60116 | Elf:1    | Received a gift from Okawaru
 60117 | Elf:1    | Reached XP level 18. HP: 154/156 MP: 26/26
 60761 | Elf:1    | Paralysed by an air elemental for 1 turns
 60789 | Elf:1    | Noticed a Hell Sentinel
 61304 | Elf:1    | Reached skill level 22 in Bows
 61314 | Elf:1    | Received a gift from Okawaru
 62231 | Elf:2    | Found a shimmering blue altar of Sif Muna.
 62254 | Elf:2    | Paralysed by an air elemental for 1 turns
 62285 | Elf:2    | Identified the +0 pair of gloves of Nerphor {-Cast rN+
                  | Str+4 Stlth-} (Okawaru gifted it to you on level 2 of the
                  | Elven Halls)
 62285 | Elf:2    | Received a gift from Okawaru
 62545 | Elf:2    | Found a runed translucent gate.
 62546 | Elf:2    | Found a runed translucent gate.
 62546 | Elf:2    | Found a runed translucent gate.
 63853 | Elf:3    | Entered Level 3 of the Elven Halls
 63879 | Elf:3    | Paralysed by an air elemental for 1 turns
 63999 | Elf:3    | Noticed a Hell Sentinel
 64232 | Elf:3    | Found Raviam's Neck Hole.
 64241 | Elf:3    | Bought an amulet of reflection for 540 gold pieces
 64780 | Elf:3    | Paralysed by an air elemental for 1 turns
 64784 | Elf:3    | Paralysed by an air elemental for 1 turns
 65133 | Elf:3    | Received a gift from Okawaru
 65478 | Elf:3    | Noticed a Hell Sentinel
 65491 | Elf:3    | Killed from afar by a Hell Sentinel

Illustrated notes

Levels and vault maps discovered:
D:1:      minmay_arrival_plants_in_alcoves, layout_rooms,
          dreamdust_ecumenical_altar_angels_and_demons
D:2:      layout_basic, serial_shops, shop, lemuel_old_faithful
D:3:      layout_basic, serial_shops, nicolae_shop_statue_plus,
          serial_bayou_lagoon_b, uniq_jessica
D:4:      layout_loops_ring, saegor_snake_ambush
D:5:      layout_cave_pools, uniq_ijyb
D:6:      nicolae_BIG_FREAKIN_CUBE, layout_basic, minmay_divided_ellipse
D:7:      layout_loops_cross, minmay_temple_entry_trees, serial_bayou,
          serial_bayou_pond_c, serial_bayou_pond_e, serial_bayou_lagoon_a,
          serial_bayou_ford_a, serial_bayou_pond_d
D:8:      layout_loops_ring, grunt_temple_overflow_open,
          nicolae_ossuary_entry_ruins, centaur_isle, uniq_joseph
D:9:      layout_gridville, mainiacjoe_overflow_alcove_4,
          mainiacjoe_overflow_catch_the_wave, david_lair_shrubbed
D:10:     layout_long_grid, tso_oasis_becter, uniq_harold, uniq_psyche
D:11:     layout_gridville, biasface_ghost_orc_armoury, uniq_erolcha
D:12:     layout_loops_cross, david_orc_5
D:13:     lemuel_ice_spiral_2, layout_rooms,
          ploomutoo_gammafunk_ghost_potion_laboratory, zin_purify, uniq_frances
D:14:     layout_long_grid, ximxim_vaults_locker_room, serial_shops,
          nicolae_stop_n_shop_1, nicolae_hepliaklqana_hazy_memory, uniq_nessos
D:15:     hangedman_depths_entry_try_elsewhere_first, layout_basic,
          portal_ice_cave_entry_frozen_things, grunt_qazlal_clouds, uniq_azrael
Temple:   jpeg_temple_clearing
Lair:1:   gammafunk_indiana_jones, layout_gridlike, minmay_stone_trees_medium
Lair:2:   layout_gridlike, minmay_shoals_entry_lonely_mermaid,
          grunt_megastairs_5, lemuel_fruit_fields
Lair:3:   layout_cave_pods, nicolae_spider_entry_tight_spaces, worms_lemuel,
          serial_bayou_shore_b, infiniplex_staircase_pool_2
Lair:4:   layout_loops_ring, infiniplex_staircase_pool, grunt_megastairs_1,
          lemuel_fruit_fields
Lair:5:   gammafunk_lair_enchanted_lake, layout_small_grid, slime_altar_1,
          nicolae_volcano_entry_hallway, guppyfry_lair_drakes
Lair:6:   hangedman_lair_caniforms_friends, layout_regular_city,
          guppyfry_lair_end_dragon, nicolae_lair_yak_garden
Shoals:1: layout_shoals, gammafunk_ghost_grave, uniq_donald, uniq_nikola
Shoals:2: layout_shoals
Shoals:3: layout_shoals, serial_shops, nicolae_shop_crystal, uniq_aizul
Spider:1: spider_temple_joshua, nicolae_spider_nooks_and_crannies
Spider:2: layout_spider_delve
Spider:3: layout_spider_delve, nicolae_spider_shape
Orc:1:    cheibrodos_orc_guarddog, layout_diamond_mine, basic_altar
Orc:2:    st_orc_ogre_mass, layout_caves, uniq_josephine
Elf:1:    eino_elf_arrival_customs, layout_rooms, minmay_elf_demonology,
          minmay_misc_feat_five
Elf:2:    nicolae_elf_blades_crystal_corner, layout_loops_corners, basic_altar
Elf:3:    minmay_elf_hall_dome, layout_geoelf_diagonals,
          nicolae_elf_big_sculpture_3, nicolae_shop_sticking_my_neck_out
Depths:1: layout_small_grid, grunt_hell_horde, minivault_16, wad_dig_loot,
          kennysheep_random_hallway, uniq_sojobo, uniq_saint_roka

Skill      XL: |  1  2  3  4  5  6  7  8  9 10 11 12 13 14 15 16 17 18 |
---------------+-------------------------------------------------------+-----
Bows           | 5 6 7 8 9 10 11 12 13 15 17 19 20 21 22 | 22.0
Stealth        | 2 3 4 5 6 |  6.0
Armour         | 1 3 5 6 7 9 11 12 14 15 16 | 16.1
Fighting       | 4 5 6 7 9 11 12 13 | 13.8
Dodging        | 4 5 6 8 10 11 | 11.5
Invocations    | 2 4 6 8 9 10 11 12 13 | 13.7
Evocations     | 2 5 6 7 9 10 11 12 | 12.5
Spellcasting   | 2 3 |  3.4

Action                   |  1- 3 |  4- 6 |  7- 9 | 10-12 | 13-15 | 16-18 || total
-------------------------+-------+-------+-------+-------+-------+-------++-------
Melee: Short sword       |    82 |       |       |     4 |       |       ||    86
       Headbutt          |    20 |     4 |     2 |     5 |       |       ||    31
       Punch             |     2 |       |       |       |       |       ||     2
       Hand axe          |       |    26 |     1 |       |       |       ||    27
       Flail             |       |       |     6 |       |       |       ||     6
       Shortbow          |       |       |       |     1 |       |       ||     1
       Glaive            |       |       |       |     6 |       |     3 ||     9
 Fire: Shortbow          |     9 |    94 |   401 |   946 |  1135 |       ||  2585
       Longbow           |       |       |       |     7 |   612 |  1885 ||  2504
Invok: Heroism           |       |       |     1 |     9 |    15 |    18 ||    43
       Finesse           |       |       |       |       |     1 |     6 ||     7
Evoke: Wand              |       |       |     6 |     1 |       |       ||     7
  Use: Scroll            |     4 |     3 |    10 |     6 |     9 |     4 ||    36
       Potion            |     2 |       |     1 |     1 |       |       ||     4
Armor: Leather armour    |    29 |    17 |    36 |   101 |       |       ||   183
       Crystal plate arm |       |       |       |    69 |   594 |   765 ||  1428
Dodge: Dodged            |    69 |    20 |    62 |   187 |   267 |   356 ||   961
Block: Other             |       |       |       |       |       |    11 ||    11
       Reflection        |       |       |       |       |       |     6 ||     6
